 Dungeon Crawl Stone Soup version 0.28.0 (webtiles) character file.

Game seed: 1576193027867405466

53 Strat the Cutter (level 3, -1/25 HPs)
             Began as a Palentonga Hedge Wizard on Feb 10, 2022.
             Slain by an adder (3 damage)
             ... on level 2 of the Dungeon.
             The game lasted 00:03:06 (2072 turns).

Strat the Cutter (Palentonga Hedge Wizard)          Turns: 2072, Time: 00:03:06

Health: -1/25      AC:  5    Str: 15    XL:     3   Next: 62%
Magic:  4/7        EV:  8    Int: 14    God:
Gold:   58         SH:  5    Dex:  9    Spells: 7/8 levels left

rFire   . . .      SeeInvis +   a - +0 short sword
rCold   . . .      Faith    .   (no shield)
rNeg    . . .      Spirit   .   m - +0 ring mail
rPois   .          Reflect  +   c - +0 hat
rElec   .          Harm     .   (no cloak)
rCorr   .          Rampage  .   (no gloves)
Will    .....                   (no barding)
Stlth   +.........              k - amulet of reflection
HPRegen 0.08/turn               (no ring)
MPRegen 0.10/turn               (no ring)

@: very slightly contaminated
A: large, rugged brown scales 3, see invisible, deformed body, roll 1, armoured
tail
a: Rolling Charge


You were on level 2 of the Dungeon.
You visited 1 branch of the dungeon, and saw 2 of its levels.

You collected 58 gold pieces.

Inventory:

Hand Weapons
 a - a +0 short sword (weapon)
 e - a +0 dagger
Missiles
 h - 61 stones
Armour
 b - a +0 robe
 c - a +0 hat (worn)
 m - a +0 ring mail (worn)
Jewellery
 j - a ring of ice
 k - an amulet of reflection (around neck)
Scrolls
 d - a scroll of acquirement {unknown}
 f - a scroll of silence {unknown}
 g - a scroll of amnesia {unknown}
 l - 2 scrolls of teleportation {unknown}
 o - 2 scrolls of identify {unknown}
 p - a scroll of magic mapping {unknown}
 r - a scroll of fog {unknown}
Potions
 i - a potion of berserk rage {unknown}
 n - a potion of magic {unknown}
 q - a potion of lignification {unknown}
 s - 2 potions of curing {unknown}


   Skills:
 + Level 3.3 Short Blades
 - Level 1.5 Dodging
 - Level 1.2 Stealth
 - Level 3.0 Spellcasting
 - Level 0.8 Conjurations
 - Level 0.7 Summonings
 - Level 1.0 Translocations


You had 7 spell levels left.
You knew the following spells:

 Your Spells              Type           Power      Damage    Failure   Level
a - Magic Dart            Conj           16%        1d3       30%         1

Your spell library contained the following spells:

 Spells                   Type           Power      Damage    Failure   Level
 Slow                     Hex            8%         N/A       38%         1
 Blink                    Tloc           8%         N/A       38%         2
 Call Imp                 Summ           4%         N/A       43%         2
 Conjure Flame            Conj/Fire      3%         6-21      71%         3
 Mephitic Cloud           Conj/Pois/Air  2%         N/A       75%         3


Dungeon Overview and Level Annotations

Branches:
Dungeon (2/15)

Altars:


Innate Abilities, Weirdness & Mutations

You are completely covered in rugged brown scales. (AC +3, +7% HP)
You have supernaturally acute eyesight. (SInv)
Armour fits poorly on your strangely shaped body.
You can roll at nearby foes to attack.
You have a long armoured tail.


Message History

You miss the adder. The adder closely misses you.
You miss the adder. The adder bites you.
* * * LOW HITPOINT WARNING * * *
You miss the adder. The adder barely misses you. x2
Your magical contamination has completely faded away.
You closely miss the adder.
Your tail-slap misses the adder.
The adder bites you.
* * * LOW HITPOINT WARNING * * *
You closely miss the adder. The adder bites you but does no damage.
You closely miss the adder. The adder bites you.
* * * LOW HITPOINT WARNING * * *
You miss the adder. You tail-slap the adder.
You punch the adder, but do no damage.
The adder is moderately wounded.
The adder bites you but does no damage. x2
You barely miss the adder.
The adder is moderately wounded.
The adder bites you.
* * * LOW HITPOINT WARNING * * *
You miss the adder.
The adder is moderately wounded.
The adder bites you.
* * * LOW HITPOINT WARNING * * *
Casting: Magic Dart (safe; 30% risk of failure)
Confirm with . or Enter, or press ? or * to list all spells.
Aiming: Magic Dart (safe; 30% risk of failure)
Press: ? - help, Shift-Dir - straight line, f/p - adder
Aim: an adder (moderately wounded, 100% to hit)
You miscast Magic Dart.
You are very lightly contaminated with residual magic.
Nothing appears to happen.
You block the adder's attack.
Casting: Magic Dart (safe; 30% risk of failure)
Confirm with . or Enter, or press ? or * to list all spells.
Aiming: Magic Dart (safe; 30% risk of failure)
Press: ? - help, Shift-Dir - straight line, f/p - adder
Aim: an adder (moderately wounded, 100% to hit)
The magic dart hits the adder but does no damage.
The adder is moderately wounded.
The adder bites you.
You die...

#.....## ##.....## ........
#......####.......# ........
.........#.......♣♣ .........
.....#..........♣♣♣♣♣♣♣♣.........
...............♣♣PP♣PP≈≈P........
......##.#....≈♣P≈≈≈≈P≈≈≈♣.......
.....###...(♣♣♣≈P≈≈≈≈..P≈........
.....# ##...♣≈≈≈.≈..........#####
.....# ##......@S..........#####
##.### #...........≈..≈≈≈≈♣♣...
#.# #....♣≈≈..≈♣≈P≈≈≈≈P≈P♣.. #.#
#....≈P≈P≈P≈≈≈P≈≈≈≈≈≈P♣# #.#
#.....♣≈P≈≈≈≈≈≈≈≈≈≈≈P≈ #.#
##.....♣≈≈≈≈≈≈≈≈≈P♣♣♣ #.#
##....P≈≈P≈≈≈≈≈≈♣♣.# ## #.#
###..≈≈≈≈≈≈P≈#.#..###. #.#
####.##♣♣♣♣♣÷##.#......


You could see an adder.

Vanquished Creatures
  A gnoll (D:1)
  5 ball pythons
  4 bats
  4 endoplasms (D:2)
  3 giant cockroaches
  4 goblins
  3 hobgoblins
  3 quokkas
  3 frilled lizards
  5 kobolds
  A rat (D:1)
36 creatures vanquished.

Vanquished Creatures (others)
  5 plants (D:2)
5 creatures vanquished.

Grand Total: 41 creatures vanquished

Notes
Turn   | Place    | Note
-------+----------+-------------------------------------------
     0 | D:1      | Strat the Palentonga Hedge Wizard began the quest for the
                  | Orb.
     0 | D:1      | Reached XP level 1. HP: 13/13 MP: 4/4
   480 | D:1      | Reached skill level 1 in Short Blades
   606 | D:1      | Reached XP level 2. HP: 20/20 MP: 6/6
  1045 | D:1      | Reached XP level 3. HP: 25/25 MP: 1/7
  2072 | D:2      | Slain by an adder

Illustrated notes

Levels and vault maps discovered:
D:1:      saegor_arrival_under_anarchy, layout_basic
D:2:      layout_rooms, serial_bayou_ford_a, grunt_decor_resistance

Skill      XL: |  1  2  3 |
---------------+----------+-----
Short Blades   | 1 2 3 |  3.3
Dodging        | |  1.5
Stealth        | |  1.2
Spellcasting   | |  3.0
Conjurations   | |  0.8
Summonings     | |  0.7
Translocations | |  1.0

Action                   || total
-------------------------++-------
Melee: Dagger            ||    15
       Short sword       ||   116
       Tailslap          ||    11
       Punch             ||     3
 Cast: Magic Dart        ||     6
 Stab: Sleeping          ||     2
Armor: Robe              ||    24
       Ring mail         ||    12
Dodge: Dodged            ||    49
Block: Other             ||    11
